 Dungeon Crawl Stone Soup version 0.21-a0-538-gd16b88a (webtiles) character file.

95 AverageBear the Cutter (level 4, -1/27 HPs)
             Began as a Deep Elf Fighter on Dec 15, 2017.
             Slain by a kobold (2 damage)
             ... on level 2 of the Dungeon.
             The game lasted 00:01:18 (1659 turns).

AverageBear the Cutter (Deep Elf Fighter)           Turns: 1659, Time: 00:01:18

Health: -1/27      AC:  2    Str: 14    XL:     4   Next: 39%
Magic:  6/6        EV:  6    Int: 13    God:
Gold:   32         SH:  8    Dex: 14    Spells: 3/3 levels left

rFire    . . .     SeeInvis .   a - +0 rapier
rCold    . . .     Gourm    .   c - +0 shield
rNeg     . . .     Faith    .   b - +0 scale mail
rPois    .         Spirit   .   (no helmet)
rElec    .         Reflect  .   (no cloak)
rCorr    .         Harm     .   (no gloves)
MR       .....                  (no boots)
Stlth    ..........             (no amulet)
HPRegen  0.09/turn              n - -4 ring of protection (curse)
MPRegen  0.10/turn              (no ring)

@: lethally poisoned (-1 -> -4)
A: no striking features
a: no special abilities


You were on level 2 of the Dungeon.
You were hungry.

You visited 1 branch of the dungeon, and saw 2 of its levels.

You collected 32 gold pieces.

Inventory:

Hand Weapons
 a - a +0 rapier (weapon)
Armour
 b - a +0 scale mail (worn)
 c - a +0 shield (worn)
Jewellery
 n - a cursed -4 ring of protection (left hand)
Scrolls
 i - a scroll of enchant armour
 l - a scroll of fear
Potions
 d - a potion of might
 e - a potion of magic
 g - a potion of agility
Comestibles
 f - a bread ration
 h - 4 chunks of flesh
 j - 2 meat rations
 m - a royal jelly


   Skills:
 - Level 2.4 Fighting
 + Level 4.7 Short Blades
 - Level 2.4 Armour
 - Level 2.4 Shields


You had 3 spell levels left.
You didn't know any spells.

Dungeon Overview and Level Annotations

Branches:
Dungeon (2/15)

Altars:


Message History

* * * LOW HITPOINT WARNING * * *
You feel sick.
You completely miss the quokka. You block the quokka's attack.
You hit the quokka.
You kill the quokka!
* * * LOW HITPOINT WARNING * * *
You feel sick.
Your shield prevents you from hitting the leopard gecko.
The leopard gecko is moderately wounded.
You block the leopard gecko's attack. The leopard gecko bites you.
* * * LOW HITPOINT WARNING * * *
You hit the leopard gecko but do no damage.
The leopard gecko is moderately wounded.
The leopard gecko closely misses you.
You hit the leopard gecko.
You kill the leopard gecko!
* * * LOW HITPOINT WARNING * * *
You feel sick.
The kobold throws a stone.
You block the stone. You block the kobold's attack. The kobold hits you.
You die...

.......#####.# #.#
..รท....#####.# #.#
..........##)###.#
.................######.#
..........##.##......(...
..............##.#####...
.......................?#
.......#....####(####..#
###...##.....# #@#....#
###. ##.#..###KK.# ##
......#.(### .......(.#
...#.....######### #
#...#..........
..................
##.......[.....##.
#..........##.#


You could see 2 kobolds.

Vanquished Creatures
  A centaur zombie (D:2)
  A gnoll (D:1)
  An adder (D:2)
  A dart slug (D:2)
  2 leopard geckos
  2 bats (D:1)
  3 giant cockroaches
  6 goblins
  4 hobgoblins (D:1)
  6 jackals (D:1)
  A quokka (D:2)
  2 ball pythons (D:1)
  4 frilled lizards
  2 kobolds
  3 rats
39 creatures vanquished.

Notes
Turn   | Place    | Note
-------+----------+-------------------------------------------
     0 | D:1      | AverageBear the Deep Elf Fighter began the quest for the Orb.
     0 | D:1      | Reached XP level 1. HP: 13/13 MP: 3/3
    80 | D:1      | Reached XP level 2. HP: 11/18 MP: 4/4
   164 | D:1      | Reached skill level 3 in Short Blades
   685 | D:1      | Reached XP level 3. HP: 9/22 MP: 5/5
  1277 | D:2      | Reached skill level 4 in Short Blades
  1277 | D:2      | Reached XP level 4. HP: 4/27 MP: 6/6
  1656 | D:2      | HP: 1/27 [leopard gecko (2)]
  1659 | D:2      | Slain by a kobold

Vault maps used:
D:1:      minmay_arrival_plants_in_alcoves, corexii_corridor_pit,
          amethyst_killhole, st_stairs_8

Skill      XL: |  1  2  3 |
---------------+----------+-----
Short Blades   | 3 4 |  4.7
Fighting       | |  2.4
Armour         | |  2.4
Shields        | |  2.4

Action                   |  1- 3 |  4- 6 || total
-------------------------+-------+-------++-------
Melee: Rapier            |   120 |    34 ||   154
  Use: Scroll            |     3 |     2 ||     5
       Potion            |       |     1 ||     1
  Eat: Chunk             |     1 |     1 ||     2
Armor: Scale mail        |    48 |     1 ||    49
Dodge: Dodged            |    19 |     4 ||    23
Block: Shield            |    47 |    16 ||    63

Table legend:
 A = Spawn XP
 B = Non-spawn XP
 C = Spawn XP percentage of total XP
 D = Spawn monster count
 E = Non-spawn monster count
 F = Spawn count percentage of total count
 G = Total turns spent on level
                    A         B        C        D         E        F      G
               +---------+---------+-------+---------+---------+-------+---------
         Total |       0 |     136 |   0.0 |       0 |      39 |   0.0 |  1659
               +---------+---------+-------+---------+---------+-------+---------
           D:1 |       0 |      57 |   0.0 |       0 |      25 |   0.0 |  1238
           D:2 |       0 |      79 |   0.0 |       0 |      14 |   0.0 |   421
               +---------+---------+-------+---------+---------+-------+---------
